 Dungeon Crawl Stone Soup version 0.25-a0-1133-g93ebf739aa (webtiles) character file.

Game seed: 13980528926457075477, levelgen mode: deterministic

172 Error4North the Covered (level 5, -1/47 HPs)
             Began as a Hill Orc Fighter on May 21, 2020.
             Succumbed to a gnoll sergeant's poison
             ... on level 4 of the Dungeon.
             The game lasted 00:04:55 (2255 turns).

Error4North the Covered (Hill Orc Fighter)          Turns: 2255, Time: 00:04:55

Health: -1/47      AC:  8    Str: 20    XL:     5   Next: 52%
Magic:  5/5        EV:  7    Int:  8    God:
Gold:   132        SH:  9    Dex: 10    Spells: 4/4 levels left

rFire    . . .     SeeInvis .   a - +0 war axe
rCold    . . .     Gourm    .   c - +0 kite shield
rNeg     . . .     Faith    .   b - +0 scale mail
rPois    .         Spirit   .   k - +0 helmet
rElec    .         Reflect  .   (no cloak)
rCorr    .         Harm     .   (no gloves)
MR       .....                  (no boots)
Stlth    ..........             (no amulet)
HPRegen  0.15/turn              (no ring)
MPRegen  0.09/turn              (no ring)

@: mighty, lethally poisoned (-1 -> -69), hasted, very quick
A: no striking features
a: no special abilities


You were on level 4 of the Dungeon.
You were hungry.

You visited 1 branch of the dungeon, and saw 4 of its levels.

You collected 132 gold pieces.

Inventory:

Hand Weapons
 a - a +0 war axe (weapon)
Armour
 b - a +0 scale mail (worn)
 c - a +0 kite shield (worn)
 k - a +0 helmet (worn)
Scrolls
 h - 2 scrolls of fog {unknown}
 i - 5 scrolls of identify {unknown}
 j - a scroll of teleportation {unknown}
 l - 3 scrolls of fear {unknown}
 m - a scroll of enchant armour {unknown}
 p - a scroll of magic mapping {unknown}
 q - a scroll of immolation {unknown}
 s - 3 scrolls of remove curse {unknown}
 u - a scroll of enchant weapon {unknown}
 y - 2 scrolls of random uselessness {unknown}
Potions
 e - a potion of flight {unknown}
 n - a potion of invisibility {unknown}
 o - a potion of cancellation {unknown}
 r - a potion of berserk rage {unknown}
 v - a potion of degeneration {unknown}
 w - a potion of lignification {unknown}
 x - a potion of brilliance {unknown}
 z - a potion of stabbing {unknown}
Comestibles
 f - 5 rations


   Skills:
 * Level 4.5 Fighting
 + Level 3.6 Axes
 * Level 4.8 Armour
 + Level 0.4 Dodging
 * Level 4.3 Shields


You had 4 spell levels left.
You didn't know any spells.
Your spell library contained the following spells:

 Spells                   Type           Power        Failure   Level  Hunger
 Magic Dart               Conj           #...         99%         1    ##.....
 Searing Ray              Conj           #.....       100%        2    ###....
 Dazzling Flash           Conj/Hex       #.....       100%        3    ####...
 Fulminant Prism          Conj/Hex       #.........   100%        4    #####..
 Iskenderun's Mystic Bla  Conj/Tloc      #.......     100%        4    #####..


Dungeon Overview and Level Annotations

Branches:
Dungeon (4/15)
 Temple: D:4-7

Altars:


Message History

You are more poisoned.
The gnoll hits you! The gnoll closely misses you. You block the gnoll's attack.
You barely miss the gnoll sergeant.
The gnoll sergeant is moderately wounded.
You slash the gnoll!
You kill the gnoll!
You slash the gnoll!
You feel very sick.
The gnoll sergeant hits you with a +0 spear of venom!
* * * LOW HITPOINT WARNING * * *
You are more poisoned.
The gnoll hits you but does no damage. You block the gnoll's attack.
The gnoll sergeant hits you but does no damage.
You are more poisoned.
* * * LOW HITPOINT WARNING * * *
You feel very sick. You block the gnoll's attack.
The gnoll sergeant hits you but does no damage.
It was a potion of haste.
You feel yourself speed up.
You die...

#... #... # ###
#######... #. #..
[<..)..... .### #.#
#######..# ..# #.#
#..# # #g# #.# #..#
#.#.###.# #####..#
#.g@g...#####......#
###)..(.......###.##
############# #.#
#.# ..# ###


You could see a gnoll sergeant and 2 gnolls.

Vanquished Creatures
  Natasha (thrice) (D:3)
  2 gnolls (D:4)
  An adder (D:2)
  2 worms (D:2)
  4 dart slugs
  3 leopard geckos
  An orc (D:3)
  2 giant cockroaches
  2 goblins
  4 hobgoblins
  6 jackals
  7 kobolds
  8 bats
  3 frilled lizards
  9 rats
57 creatures vanquished.

Notes
Turn   | Place    | Note
-------+----------+-------------------------------------------
     0 | D:1      | Error4North the Hill Orc Fighter began the quest for the
                  | Orb.
     0 | D:1      | Reached XP level 1. HP: 19/19 MP: 1/1
   107 | D:1      | Reached XP level 2. HP: 22/27 MP: 2/2
   306 | D:1      | Reached XP level 3. HP: 33/33 MP: 3/3
  1027 | D:2      | Reached XP level 4. HP: 40/41 MP: 4/4
  1817 | D:3      | Noticed Natasha
  1826 | D:3      | Killed Natasha
  1955 | D:3      | Noticed Natasha
  1967 | D:3      | Killed Natasha
  1967 | D:3      | Reached XP level 5. HP: 33/47 MP: 5/5
  2156 | D:3      | Noticed Natasha
  2163 | D:3      | Killed Natasha
  2255 | D:4      | Succumbed to a gnoll sergeant's poison

Illustrated notes

Levels and vault maps discovered:
D:1:      minmay_arrival_checkered_box, layout_basic, feat_on_display
D:2:      layout_rooms
D:3:      layout_loops_ring, uniq_natasha
D:4:      layout_loops_ring, eat_drink_and_be_merry_uskayaw, first_ration,
          serial_bayou_lagoon_b

Skill      XL: |  1  2  3  4 |
---------------+-------------+-----
Fighting       | 4 |  4.5
Axes           | 3 |  3.6
Shields        | 4 |  4.3
Armour         | 4 |  4.8
Dodging        | |  0.4

Action                   |  1- 3 |  4- 6 || total
-------------------------+-------+-------++-------
Melee: War axe           |   120 |    62 ||   182
  Use: Potion            |       |     4 ||     4
  Eat: Chunk             |       |     4 ||     4
Armor: Scale mail        |    64 |    37 ||   101
Dodge: Dodged            |    59 |    24 ||    83
Block: Kite shield       |    69 |    41 ||   110

Table legend:
 A = Non-vault XP
 B = Vault XP
 C = Vault XP percentage of total XP
 D = Non-vault monster count
 E = Vault monster count
 F = Vault count percentage of total count
                 A         B        C        D         E       F
            +---------+---------+-------+---------+---------+-------
      Total |     211 |      35 |  14.2 |      56 |       1 |   1.8
            +---------+---------+-------+---------+---------+-------
        D:1 |      48 |       0 |   0.0 |      26 |       0 |   0.0
        D:2 |      51 |       0 |   0.0 |      19 |       0 |   0.0
        D:3 |      84 |      35 |  29.4 |       9 |       1 |  10.0
        D:4 |      28 |       0 |   0.0 |       2 |       0 |   0.0
            +---------+---------+-------+---------+---------+-------
